 Dungeon Sprint DCSS version 0.27-a0-789-g6bb3289e1e (webtiles) character file.

Game seed: 9060327086255683174

12516 mhtbhm the Bludgeoner (level 11, -12/127 HPs)
             Began as a Troll Berserker on Mar 27, 2021.
             Was the Champion of Trog.
             Mangled by an orc knight
             ... wielding a +0 dire flail
              (54 damage)
             ... in the Dungeon (Sprint IX: "|||||||||||||||||||||||||||||").
             The game lasted 00:02:51 (1164 turns).

mhtbhm the Bludgeoner (Troll Berserker)             Turns: 1164, Time: 00:02:54

Health: -12/127    AC:  5    Str: 30    XL:     11   Next: 63%
Magic:  10/10      EV: 14    Int:  6    God:    Trog [******]
Gold:   699        SH:  0    Dex:  9    Spells: 10/10 levels left

rFire    . . .     SeeInvis .   a - +9 giant spiked club (vorpal)
rCold    . . .     Faith    .   (shield currently unavailable)
rNeg     . . .     Spirit   .   b - +0 animal skin
rPois    .         Reflect  .   (helmet restricted)
rElec    .         Harm     .   m - +0 cloak
rCorr    .         Rampage  .   (gloves unavailable)
Will     .....     NoTele   +   (boots unavailable)
Stlth    ++........             (no amulet)
HPRegen  1.31/turn              k - +3 ring of intelligence
MPRegen  0.12/turn              l - +2 ring of evasion

@: berserk cooldown, slowed, very slow
A: large, unfitting armour, claws 3, regeneration 1, shaggy fur 1, tough skin 1
a: Renounce Religion, Berserk, Trog's Hand, Brothers in Arms


You were in the Dungeon.
You worshipped Trog.
Trog was exalted by your worship.
You visited 1 branch You collected 699 gold pieces.

Inventory:

Hand Weapons
 a - a +9 vorpal giant spiked club (weapon)
Armour
 b - a +0 animal skin (worn)
 m - a +0 cloak (worn)
Jewellery
 k - a +3 ring of intelligence (right claw)
 l - a +2 ring of evasion (left claw)
Wands
 j - a wand of acid (9)
Scrolls
 h - 3 scrolls of blinking
 n - 2 scrolls of fog
 o - 2 scrolls of enchant weapon
 p - a scroll of fear
Potions
 c - 8 potions of curing
 d - 3 potions of heal wounds
 e - a potion of haste
 f - 4 potions of magic
 g - a potion of berserk rage
 i - a potion of invisibility
 q - a potion of ambrosia {unknown}


   Skills:
 + Level 13.6 Fighting
 + Level 18.3 Maces & Flails
 + Level 10.7 Dodging
 + Level 2.1 Stealth
 + Level 0.7 Evocations


You had 10 spell levels left.
You didn't know any spells.
Your spell library was empty.

Dungeon Overview and Level Annotations

Branches:
Dungeon (1/1)

Altars:
Cheibriados
Dithmenos
Elyvilon
Fedhas
Gozag
Hepliaklqana
Kikubaaqudgha
Makhleb
Nemelex Xobeh
Okawaru
Qazlal
Ru
Sif Muna
Trog
Uskayaw
Vehumet
Wu Jian
Xom
Yredelemnul
Zin
The Shining One
Beogh
Jiyva
Lugonu


Innate Abilities, Weirdness & Mutations

You are too large for most types of armour.
You have claws for hands.
Your natural rate of healing is unusually fast.
You are covered in fur. (AC +1)
You have tough skin. (AC +1)


Message History

You hit the orc sorcerer.
The orc sorcerer is moderately wounded.
The orc wizard gestures at itself while chanting.
The orc wizard flickers and vanishes!
Deactivating autopickup; reactivate with Ctrl-A.
The orc sorcerer hits you with a +0 dagger.
You perforate the orc sorcerer like a sieve!!!
You kill the orc sorcerer!
Trog accepts your kill. Something appears at your feet!
You see here a +5 demon whip.
Trog grants you a weapon!
Trog appreciates your killing of a magic user.
An orc wizard comes into view. It is wielding a +0 dagger.
You are no longer berserk.
You are exhausted.
You feel yourself slow down.
The orc wizard shouts!
You hear a shout!
The orc sorcerer barely misses you.
Things that are here:
a +0 dagger; a +0 robe; 50 gold pieces Unknown command.
You skewer the orc sorcerer like a kebab!!!
You kill the orc sorcerer!
Trog accepts your kill.
Trog appreciates your killing of a magic user.
The orc wizard gestures at itself while chanting.
The orc wizard flickers and vanishes!
Unknown command.
Unknown command.
Your stone giant goes berserk!
The orc knight hits you with a +0 dire flail!!
The orc warrior hits your stone giant with a +0 battleaxe!
Unknown command.
You flatten the orc knight like a pancake!!!
The orc knight is severely wounded.
The orc knight barely misses you.
The orc warrior hits your stone giant but does no damage.
Your stone giant barely misses the orc knight.
The orc knight hits you with a +0 dire flail!!!
You die...

▓▓▓▓▓▓▓▓▓▓▓▓▓▓▓▓▓▓▓▓▓▓▓▓
...ooCo@)'.....)))).)))'
▓▓▓▓▓▓▓▓▓▓▓▓▓▓▓▓▓▓▓▓▓▓▓▓▓▓▓▓▓▓▓▓▓
..)......).......................
▓▓▓▓▓▓▓▓▓▓▓▓▓▓▓▓▓▓▓▓▓▓▓▓▓▓▓▓▓▓▓▓▓
....'.)......†).......†)†.....(:|
▓▓▓▓▓▓▓▓▓▓▓▓▓▓▓▓▓▓▓▓▓▓▓▓▓▓▓▓▓▓▓▓▓
.................................
▓▓▓▓▓▓▓▓▓▓▓▓▓▓▓▓▓▓▓▓▓▓▓▓▓▓▓▓▓▓▓▓▓
.)?.'________________________'...


You could see an orc knight (strong, ally target), 2 orc warriors and a friendly
stone giant (summoned, berserk).

Vanquished Creatures
  A dire elephant (D)
  A centaur warrior (D)
  Erica (D)
  A tengu warrior (D)
  An orc high priest (D)
  2 orc knights (D)
  2 orc sorcerers (D)
  3 elephants (D)
  Joseph (D)
  A black mamba (D)
  4 cane toads (D)
  A gargoyle (D)
  A tengu conjurer (D)
  3 komodo dragons (D)
  A blink frog (D)
  A vampire (D)
  2 wyverns (D)
  A yak (D)
  2 water moccasins (D)
  3 orc warriors (D)
  2 wolves (D)
  3 bullfrogs (D)
  2 orc priests (D)
  An iguana (D)
  3 orc wizards (D)
  A white imp (D)
  An ufetubus (D)
  4 orcs (D)
  3 bat zombies (D)
  A goblin (D)
  2 hobgoblins (D)
  A jackal (D)
  A ball python skeleton (D)
  A giant cockroach zombie (D)
  A rat (D)
60 creatures vanquished.

Vanquished Creatures (collateral kills)
  A hydra (D)
  A centaur warrior (D)
  4 elephants (D)
  A troll (D)
7 creatures vanquished.

Grand Total: 67 creatures vanquished

Notes
Turn   | Place    | Note
-------+----------+-------------------------------------------
     0 | D        | mhtbhm the Troll Berserker began the quest for the Orb.
     0 | D        | Reached XP level 1. HP: 22/22 MP: 0/0
     8 | D        | Reached skill level 3 in Maces & Flails
     9 | D        | Reached ** piety under Trog
   117 | D        | Noticed an iguana
   124 | D        | Reached XP level 2. HP: 18/31 MP: 1/1
   125 | D        | Reached *** piety under Trog
   133 | D        | HP: 1/46 [iguana (11)]
   135 | D        | Reached skill level 4 in Maces & Flails
   135 | D        | Reached XP level 3. HP: 3/39 MP: 2/2
   139 | D        | Reached **** piety under Trog
   190 | D        | Found a snail-covered altar of Cheibriados.
   190 | D        | Found a shadowy altar of Dithmenos.
   190 | D        | Found a white marble altar of Elyvilon.
   190 | D        | Found a blossoming altar of Fedhas.
   190 | D        | Found an opulent altar of Gozag.
   191 | D        | Found a hazy altar of Hepliaklqana.
   192 | D        | Found a viscous altar of Jiyva.
   193 | D        | Found an ancient bone altar of Kikubaaqudgha.
   194 | D        | Found a corrupted altar of Lugonu.
   195 | D        | Found a burning altar of Makhleb.
   196 | D        | Found a sparkling altar of Nemelex Xobeh.
   197 | D        | Found an iron altar of Okawaru.
   198 | D        | Found a stormy altar of Qazlal.
   199 | D        | Found a sacrificial altar of Ru.
   200 | D        | Found a shimmering blue altar of Sif Muna.
   201 | D        | Found a bloodstained altar of Trog.
   202 | D        | Found a hide-covered altar of Uskayaw.
   203 | D        | Found a radiant altar of Vehumet.
   204 | D        | Found an ornate altar of the Wu Jian Council.
   205 | D        | Found a shimmering altar of Xom.
   206 | D        | Found a basalt altar of Yredelemnul.
   207 | D        | Found a glowing silver altar of Zin.
   208 | D        | Found a glowing golden altar of the Shining One.
   255 | D        | Noticed a gargoyle
   255 | D        | Noticed a wyvern
   255 | D        | Noticed a vampire
   264 | D        | Killed a vampire
   265 | D        | Reached skill level 5 in Fighting
   265 | D        | Reached skill level 7 in Maces & Flails
   265 | D        | Reached skill level 5 in Dodging
   265 | D        | Reached XP level 4. HP: 52/52 MP: 3/3
   265 | D        | Reached XP level 5. HP: 59/59 MP: 4/4
   269 | D        | Killed a wyvern
   269 | D        | Reached ***** piety under Trog
   270 | D        | Reached skill level 8 in Maces & Flails
   270 | D        | Reached XP level 6. HP: 68/68 MP: 5/5
   272 | D        | Killed a gargoyle
   273 | D        | Reached skill level 10 in Maces & Flails
   273 | D        | Reached XP level 7. HP: 60/78 MP: 6/6
   275 | D        | Received a gift from Trog
   305 | D        | Noticed a centaur warrior
   305 | D        | Noticed a troll
   305 | D        | Noticed a seven-headed hydra
   305 | D        | Noticed a centaur warrior
   305 | D        | Noticed a tengu conjurer
   305 | D        | Noticed a tengu warrior
   312 | D        | Killed a tengu warrior
   313 | D        | Reached skill level 11 in Maces & Flails
   313 | D        | Reached XP level 8. HP: 91/91 MP: 7/7
   316 | D        | Killed a tengu conjurer
   317 | D        | Reached skill level 12 in Maces & Flails
   323 | D        | Killed a centaur warrior
   324 | D        | Reached skill level 13 in Maces & Flails
   324 | D        | Reached XP level 9. HP: 101/101 MP: 8/8
   327 | D        | Killed a seven-headed hydra
   328 | D        | Reached skill level 10 in Fighting
   328 | D        | Killed a troll
   329 | D        | Killed a centaur warrior
   330 | D        | Reached skill level 14 in Maces & Flails
   492 | D        | Noticed a cane toad
   492 | D        | Noticed a cane toad
   502 | D        | Received a gift from Trog
   508 | D        | Killed a cane toad
   509 | D        | Noticed a komodo dragon
   510 | D        | Killed a cane toad
   511 | D        | Reached XP level 10. HP: 113/113 MP: 9/9
   521 | D        | Reached skill level 15 in Maces & Flails
   577 | D        | Noticed a cane toad
   579 | D        | Killed a cane toad
   580 | D        | Noticed a black mamba
   591 | D        | Noticed a cane toad
   594 | D        | Reached skill level 1 in Stealth
   595 | D        | Reached ****** piety under Trog
   595 | D        | Received a gift from Trog
   601 | D        | Killed a black mamba
   603 | D        | Killed a cane toad
   604 | D        | Reached skill level 16 in Maces & Flails
   604 | D        | Reached skill level 10 in Dodging
   640 | D        | Noticed an elephant
   640 | D        | Noticed an elephant
   640 | D        | Noticed an elephant
   640 | D        | Noticed a dire elephant
   640 | D        | Noticed an elephant
   640 | D        | Noticed an elephant
   645 | D        | Killed an elephant
   652 | D        | Killed a dire elephant
   653 | D        | Noticed an elephant
   657 | D        | Killed an elephant
   658 | D        | Reached XP level 11. HP: 107/124 MP: 5/10
   669 | D        | Reached skill level 17 in Maces & Flails
   671 | D        | Received a gift from Trog
   809 | D        | Noticed Joseph
   819 | D        | Killed Joseph
   876 | D        | Noticed Erica
   882 | D        | Killed Erica
  1055 | D        | Noticed an orc high priest
  1066 | D        | Killed an orc high priest
  1068 | D        | Received a gift from Trog
  1082 | D        | Received a gift from Trog
  1148 | D        | Noticed an orc knight
  1148 | D        | Noticed an orc sorcerer
  1148 | D        | Noticed an orc sorcerer
  1148 | D        | Noticed an orc knight
  1148 | D        | Noticed an orc knight
  1154 | D        | Killed an orc knight
  1155 | D        | Reached skill level 18 in Maces & Flails
  1157 | D        | Killed an orc knight
  1160 | D        | Killed an orc sorcerer
  1160 | D        | Received a gift from Trog
  1162 | D        | Killed an orc sorcerer
  1164 | D        | Mangled by an orc knight

Illustrated notes

Levels and vault maps discovered:
D:        linesprint [early_d, line_temple, items_1, d_10, items_2, lair_1,
          lair_end, items_3, orc_1, orc_end, items_4, d_15, swamp_1, shoals_1,
          snake_1, spider_1, d_20, vaults_1, items_5, swamp_end, shoals_end,
          snake_end, spider_end, vaults_end, d_27, items_6, zot_1, zot_end,
          crypt_end, forest_end, elf_end, slime_end, tomb_end, abyss_end,
          pan_hell_end]

Skill      XL: |  1  2  3  4  5  6  7  8  9 10 11 |
---------------+----------------------------------+-----
Maces & Flails | 3 4 7 8 10 11 13 14 16 18 | 18.3
Fighting       | 3 4 5 6 7 8 9 11 12 13 | 13.6
Dodging        | 3 5 6 7 8 9 10 | 10.7
Stealth        | 1 2 |  2.1
Evocations     | |  0.7

Action                   |  1- 3 |  4- 6 |  7- 9 | 10-12 || total
-------------------------+-------+-------+-------+-------++-------
Melee: Mace              |    31 |       |       |       ||    31
       Dire flail        |     8 |     7 |    34 |     7 ||    56
       Great mace        |       |       |       |    45 ||    45
       Giant club        |       |       |       |    30 ||    30
       Giant spiked club |       |       |       |    11 ||    11
Invok: Berserk           |     2 |       |     2 |     4 ||     8
       Brothers in Arms  |       |       |     1 |     2 ||     3
Evoke: Wand              |       |       |     1 |       ||     1
Armor: Animal skin       |     5 |       |    13 |     6 ||    24
Dodge: Dodged            |    27 |     2 |    15 |    40 ||    84

Table legend: (Time is in decaauts)
 A = Elapsed time spent in this place.
 B = Non-inter-level travel time spent in this place.
 C = Inter-level travel time spent in this place.
 D = Time resting spent in this place.
 E = Time spent auto-exploring this place.
 F = Levels seen in this place.
 G = Mean time per level.
                   A        B        C        D        E       F      G
               +--------+--------+--------+--------+--------+-----+--------+
         Total |   1178 |   1178 |      0 |    549 |    142 |   1 | 1178.0 |
       Dungeon |   1178 |   1178 |      0 |    549 |    142 |   1 | 1178.0 |
               +--------+--------+--------+--------+--------+-----+--------+

Top non-repeatable levels by time:
       D: 1178 daAuts
